 Dungeon Crawl Stone Soup version 0.27.1-33-g824d729ab1 (webtiles) character file.

Game seed: 6204280576237836134

8628 Kraken2834 the Cleaver (level 11, -4/102 HPs)
             Began as a Minotaur Berserker on Dec 25, 2021.
             Was an Elder of Trog.
             Slain by an 11-headed hydra (6 damage)
             ... on level 11 of the Dungeon on Dec 29, 2021.
             The game lasted 00:35:53 (13591 turns).

Kraken2834 the Cleaver (Minotaur Berserker)        Turns: 13591, Time: 00:35:53

Health: -4/102     AC: 15    Str: 25    XL:     11   Next: 12%
Magic:  10/10      EV: 11    Int:  9    God:    Trog [****..]
Gold:   602        SH:  0    Dex: 22    Spells: 10/10 levels left

rFire    . . .     SeeInvis .   y - +1 broad axe (vorpal)
rCold    . . .     Faith    .   (no shield)
rNeg     . . .     Spirit   .   A - +0 plate armour
rPois    .         Reflect  .   (helmet restricted)
rElec    .         Harm     .   (no cloak)
rCorr    .         Rampage  .   (no gloves)
Will     ++...                  B - +0 pair of boots of Qazlal's Castigation {Int+5}
Stlth    ..........             D - amulet of the acrobat
HPRegen  1.27/turn              w - +6 ring of dexterity
MPRegen  0.12/turn              G - +6 ring of dexterity

@: strong-willed, regenerating
A: horns 2, retaliatory headbutt
a: Renounce Religion, Berserk, Trog's Hand, Brothers in Arms


You were on level 11 of the Dungeon.
You worshipped Trog.
Trog was greatly pleased with you.
You visited 2 branches of the dungeon, and saw 12 of its levels.

You collected 602 gold pieces.

Inventory:

Hand Weapons
 a - a +0 hand axe
 y - a +1 vorpal broad axe (weapon)
Missiles
 m - a throwing net
Armour
 A - a +0 plate armour (worn)
 B - the +0 pair of boots of Qazlal's Castigation (worn) {Int+5}
   (You found it on level 9 of the Dungeon)

   Int:       It affects your intelligence (+5).
Jewellery
 q - an amulet of magic regeneration
 w - a +6 ring of dexterity (left hand)
 D - an amulet of the acrobat (around neck)
 G - a +6 ring of dexterity (right hand)
Wands
 l - a wand of flame (27) (quivered)
 p - a wand of mindburst (15)
 u - a wand of iceblast (16)
 z - a wand of paralysis (8)
 F - a wand of digging (6)
 J - a wand of acid (6)
Scrolls
 d - 2 scrolls of fear
 e - a scroll of silence
 f - 8 scrolls of teleportation
 i - a scroll of amnesia {unknown}
 j - 3 scrolls of blinking
 k - 2 scrolls of fog
 n - 3 scrolls of noise
 s - a scroll of torment {unknown}
 E - 2 scrolls of enchant armour {unknown}
Potions
 b - a potion of magic
 c - 4 potions of brilliance
 g - 2 potions of flight
 h - a potion of lignification
 o - a potion of cancellation
 r - 2 potions of mutation
 t - 2 potions of curing
 v - a potion of berserk rage
 x - a potion of degeneration {unknown}
 C - a potion of heal wounds
 H - a potion of invisibility {unknown}
 I - a potion of resistance


   Skills:
 + Level 11.0 Fighting
 + Level 14.2 Axes
 + Level 8.2 Armour
 + Level 6.5 Dodging
 - Level 0.4 Evocations


You had 10 spell levels left.
You didn't know any spells.
Your spell library was empty.

Dungeon Overview and Level Annotations

Branches:
Dungeon (11/15)            Temple (1/1) D:5            Lair (0/6) D:10
    Orc: D:9-12

Altars:
Ashenzari
Cheibriados
Dithmenos
Elyvilon
Fedhas
Gozag
Hepliaklqana
Kikubaaqudgha
Makhleb
Nemelex Xobeh
Okawaru
Qazlal
Ru
Sif Muna
Trog
Uskayaw
Vehumet
Wu Jian
Xom
Yredelemnul
Zin
The Shining One

Shops:
D:6 =   D:7 (   D:8 *

Portals:
Trove: D:10 (show slimy rune of Zot)


Innate Abilities, Weirdness & Mutations

You have a pair of horns on your head.
You reflexively headbutt those who attack you in melee.


Message History

The nine-headed hydra bites you.
The nine-headed hydra barely misses you.
The nine-headed hydra bites you!
The nine-headed hydra bites you but does no damage. x2
You slice one of the nine-headed hydra's heads off!
The eight-headed hydra grows two more!
You slash the ten-headed hydra! You headbutt the ten-headed hydra!
The ten-headed hydra is severely wounded.
Unknown command.
Your skin crawls.
You feel strong-willed.
The ten-headed hydra bites you but does no damage. x2
The ten-headed hydra barely misses you.
The ten-headed hydra bites you but does no damage.
The ten-headed hydra barely misses you. The ten-headed hydra bites you!
The ten-headed hydra bites you but does no damage. x2
The ten-headed hydra bites you! x2
* * * LOW HITPOINT WARNING * * *
You lop one of the ten-headed hydra's heads off!
The nine-headed hydra grows two more!
You slash the 11-headed hydra! You headbutt the 11-headed hydra.
The 11-headed hydra is severely wounded.
The 11-headed hydra closely misses you. You furiously retaliate!
You headbutt the 11-headed hydra.
The 11-headed hydra bites you but does no damage.
The 11-headed hydra bites you!
* * * LOW HITPOINT WARNING * * *
The 11-headed hydra bites you but does no damage.
The 11-headed hydra bites you!
* * * LOW HITPOINT WARNING * * *
The 11-headed hydra barely misses you.
The 11-headed hydra bites you but does no damage.
The 11-headed hydra bites you.
* * * LOW HITPOINT WARNING * * *
The 11-headed hydra bites you.
* * * LOW HITPOINT WARNING * * *
The 11-headed hydra bites you.
* * * LOW HITPOINT WARNING * * *
The 11-headed hydra bites you.
You die...

# #. #. .
#####.########..
...............
...............
......D@..#
..........#
.........<#
..........#
...#..#...# ..
#..8..## .
#.....# #.....#
##+++##


You could see a 11-headed hydra.

Vanquished Creatures
  Erolcha (D:9)
  2 two-headed ogres
  Joseph (D:10)
  The ghost of ThiefFrogPaladin the Covered, a novice MiFi of Jiyva (D:6)
  Maggie (D:6)
  2 trolls (D:9)
  A hornet (D:8)
  Sigmund (D:2)
  A vampire (D:10)
  A shadow (D:10)
  4 yaks (D:10)
  3 steam dragons
  Menkaure (D:6)
  A water moccasin (D:8)
  An ice beast (D:7)
  An orc warrior (D:9)
  A sky beast (D:7)
  2 black bears
  A necrophage (D:7)
  5 ogres
  4 centaurs
  A phantom (D:6)
  3 kobold brigands
  4 bullfrogs
  A gnoll sergeant (D:8)
  4 scorpions
  A water moccasin skeleton (D:4)
  A killer bee (D:8)
  3 howler monkeys (D:9)
  4 wights (D:8)
  3 centaur zombies
  A hound (D:5)
  A bullfrog skeleton (D:7)
  4 orc priests
  A jelly (D:8)
  Jessica (D:2)
  2 iguanas
  3 orc wizards
  2 howler monkey zombies
  18 gnolls
  A howler monkey skeleton (D:4)
  5 adders
  2 ufetubi (D:6)
  2 worms
  19 orcs
  8 endoplasms
  5 giant cockroaches
  2 goblins
  9 hobgoblins
  8 jackals
  6 quokkas
  9 ball pythons
  3 bats
  2 frilled lizards (D:1)
  20 kobolds
  2 rats
197 creatures vanquished.

Vanquished Creatures (others)
  6 orcs
  5 fungi (D:10)
11 creatures vanquished.

Grand Total: 208 creatures vanquished

Notes
Turn   | Place    | Note
-------+----------+-------------------------------------------
     0 | D:1      | Kraken2834 the Minotaur Berserker began the quest for the
                  | Orb.
     0 | D:1      | Reached XP level 1. HP: 19/19 MP: 0/0
   143 | D:1      | Reached skill level 4 in Axes
   143 | D:1      | Reached XP level 2. HP: 27/27 MP: 1/1
  1040 | D:1      | -1
  1075 | D:2      | Reached XP level 3. HP: 33/33 MP: 2/2
  1093 | D:2      | Reached ** piety under Trog
  1153 | D:2      | Noticed Jessica
  1158 | D:2      | Killed Jessica
  1473 | D:2      | Noticed Sigmund
  1490 | D:2      | Killed Sigmund
  1491 | D:2      | Reached skill level 5 in Fighting
  1491 | D:2      | Reached skill level 5 in Axes
  1491 | D:2      | Reached XP level 4. HP: 13/42 MP: 3/3
  1491 | D:2      | Reached XP level 5. HP: 15/48 MP: 4/4
  1853 | D:2      | Reached skill level 6 in Axes
  2049 | D:3      | Found a glowing drain.
  2097 | D:3      | Reached XP level 6. HP: 57/57 MP: 5/5
  3875 | D:4      | Reached skill level 7 in Axes
  3875 | D:4      | Reached XP level 7. HP: 46/64 MP: 6/6
  4625 | D:4      | Reached *** piety under Trog
  5076 | D:5      | Entered Level 5 of the Dungeon
  5314 | D:5      | Reached skill level 8 in Axes
  6123 | D:5      | Reached XP level 8. HP: 73/73 MP: 7/7
  6124 | D:5      | Reached skill level 5 in Dodging
  6733 | D:5      | Reached skill level 9 in Axes
  6889 | D:5      | Found a staircase to the Ecumenical Temple.
  7329 | Temple   | Entered the Ecumenical Temple
  7426 | D:6      | Noticed Maggie
  7804 | D:6      | Killed Maggie
  8311 | D:6      | Reached skill level 10 in Axes
  8491 | D:6      | Reached XP level 9. HP: 82/82 MP: 8/8
  8552 | D:6      | Found Zonir's Jewellery Emporium.
  8712 | D:6      | Found a large runed translucent door.
  8712 | D:6      | Found a large runed translucent door.
  8714 | D:6      | Noticed Menkaure
  8719 | D:6      | Killed Menkaure
  8805 | D:6      | Noticed ThiefFrogPaladin's ghost (novice MiFi)
  9147 | D:6      | Killed ThiefFrogPaladin's ghost
  9148 | D:6      | Reached skill level 11 in Axes
  9398 | D:7      | Found Wonn's Antique Weapon Emporium.
 10070 | D:7      | Reached **** piety under Trog
 10252 | D:8      | Reached skill level 12 in Axes
 10329 | D:8      | Reached skill level 5 in Armour
 10384 | D:8      | Reached XP level 10. HP: 9/93 MP: 9/9
 11477 | D:8      | Found Boyru's Bounteous Boutique.
 11622 | D:9      | Reached skill level 10 in Fighting
 11626 | D:9      | Identified the +0 pair of boots of Qazlal's Castigation
                  | {Int+5}
 11845 | D:9      | Noticed a two-headed ogre
 11850 | D:9      | Killed a two-headed ogre
 12284 | D:9      | Reached skill level 13 in Axes
 12357 | D:9      | Noticed Erolcha
 12362 | D:9      | Killed Erolcha
 12775 | D:10     | Entered Level 10 of the Dungeon
 12781 | D:10     | Found a shadowy altar of Dithmenos.
 12824 | D:10     | Found a portal to a secret trove of treasure.
 12879 | D:10     | Noticed a two-headed ogre
 12887 | D:10     | Killed a two-headed ogre
 13093 | D:10     | Found a staircase to the Lair.
 13120 | D:10     | Reached skill level 14 in Axes
 13211 | D:10     | Reached XP level 11. HP: 101/101 MP: 10/10
 13404 | D:10     | Noticed Joseph
 13418 | D:10     | Killed Joseph
 13582 | D:11     | Noticed a seven-headed hydra
 13591 | D:11     | HP: 5/102 [11-headed hydra (6)]
 13591 | D:11     | HP: 2/102 [11-headed hydra (3)]
 13591 | D:11     | Slain by an 11-headed hydra

Illustrated notes

#.........# #..# #....#......#
#.........# #..###..####...#.#
#.........# #.......# #..##..
#...(.....# #.##.##.####..####
#.........# #.............#
#.........# #....########'##
####.###### #.#### ##...## ###.#
#.### ##.....## ##.#.# #@#.##
##.......#
###....#########....####.........
.............(...[.....'.........
###....#########....####.........
##.#.#### #.#.## ##.......#
#......######.### ##.....##
#.#.##.#.......# ##...##
#.#.##.#.####..# ##+## #...##.#.#
##..# #.#


Turn 1040 on D:1: -1

Levels and vault maps discovered:
D:1:      amcnicky_arrival_wind_blow, layout_loops_corners, minmay_heptomino_w4
D:2:      layout_loops_cross, uniq_sigmund, uniq_jessica
D:3:      layout_loops_ring, cheibrodos_sewer_entry_drain, hex_tiny,
          minivault_23
D:4:      layout_basic
D:5:      layout_basic, temple_statues
D:6:      layout_cave_pools, serial_shops, shop, ebering_ghost_disaster_area,
          minmay_liquid_box, minmay_door_square, uniq_menkaure, uniq_maggie
D:7:      layout_basic, serial_shops, shop
D:8:      layout_rooms, nicolae_alphabet_shops, minmay_diced_spiral
D:9:      layout_roguey, kennysheep_generic_room_3, uniq_erolcha
D:10:     layout_roguey, mainiacjoe_overflow_cross_hatched, lair_entry_dummy,
          nicolae_trove_entry_isolated, uniq_joseph
D:11:     layout_irregular_city, slow_altar_2, uniq_maurice
Temple:   grunt_wide_crystal_templ

Skill      XL: |  1  2  3  4  5  6  7  8  9 10 11 |
---------------+----------------------------------+-----
Axes           | 4 5 6 7 8 10 12 14 | 14.2
Fighting       | 4 5 6 7 8 9 10 11 | 11.0
Dodging        | 3 4 6 |  6.5
Armour         | 3 5 8 |  8.2
Evocations     | |  0.4

Action                   |  1- 3 |  4- 6 |  7- 9 | 10-12 || total
-------------------------+-------+-------+-------+-------++-------
Melee: Hand axe          |    66 |    98 |   105 |       ||   269
       Headbutt          |     9 |    11 |    42 |    33 ||    95
       Broad axe         |       |       |    88 |   110 ||   198
Invok: Trog's Hand       |     1 |     1 |     1 |     2 ||     5
       Berserk           |       |     4 |     5 |     3 ||    12
Evoke: Wand              |       |     1 |     1 |       ||     2
  Use: Scroll            |     2 |     3 |     8 |     2 ||    15
       Potion            |     1 |       |     2 |     1 ||     4
Armor: Animal skin       |     4 |    10 |     7 |       ||    21
       Chain mail        |       |       |    18 |       ||    18
       Plate armour      |       |       |    21 |    61 ||    82
Dodge: Dodged            |    44 |    58 |    99 |    70 ||   271
